 Dungeon Crawl Stone Soup version 0.30.0-29-ga12c61a403 (webtiles) character file.

Game seed: 5315350686021682600

562 H0rd4k the Charlatan (level 7, -3/52 HPs)
             Began as a Human Artificer on June 20, 2023.
             Succumbed to an orc wizard's poison
             ... on level 4 of the Dungeon.
             The game lasted 00:04:36 (2602 turns).

H0rd4k the Charlatan (Human Artificer)              Turns: 2602, Time: 00:04:36

Health: -3/52      AC: 11    Str: 16    XL:     7   Next: 58%
Magic:  10/10      EV: 13    Int: 18    God:
Gold:   116        SH:  0    Dex: 17    Spells: 10/10 levels left

rFire   . . .        i - +5 short sword
rCold   . . .        (no shield)
rNeg    . . .        n - +4 robe of Augmentation {Str+4 Int+4 Dex+4}
rPois   .            (no helmet)
rElec   .            b - scarf {+Inv}
rCorr   .            v - +0 pair of gloves
SInv    .            (no boots)
Will    .....        (no amulet)
Stlth   ++           h - +4 ring of protection
HPRegen 0.28/turn    y - ring of wizardry
MPRegen 0.12/turn

%: wizardry (x1)
@: lethally poisoned (-3 -> -41)
A: no striking features
a: Evoke Invisibility


You were on level 4 of the Dungeon.
You visited 1 branch of the dungeon, and saw 4 of its levels.

You collected 116 gold pieces.

Inventory:

Hand Weapons
 i - a +5 short sword (weapon)
 o - a +1 short sword of protection
Missiles
 x - 10 poisoned darts
Armour
 b - a scarf of invisibility (worn)
 n - the +4 robe of Augmentation (worn) {Str+4 Int+4 Dex+4}
   (You found it on level 2 of the Dungeon)

   Str:       It affects your strength (+4).
   Int:       It affects your intelligence (+4).
   Dex:       It affects your dexterity (+4).
 v - a +0 pair of gloves (worn)
Jewellery
 h - a +4 ring of protection (left hand)
 y - a ring of wizardry (right hand)
Wands
 c - a wand of flame (15) (quivered)
 d - a wand of charming (11)
 e - a wand of iceblast (1)
 w - a wand of roots (1)
Scrolls
 j - a scroll of acquirement {unknown}
 l - a scroll of fog {unknown}
 m - a scroll of amnesia {unknown}
 r - 3 scrolls of poison {unknown}
 s - 3 scrolls of identify {unknown}
 A - a scroll of enchant armour {unknown}
Potions
 a - 2 potions of brilliance
 f - 2 potions of heal wounds
 g - 2 potions of curing {unknown}
 k - 4 potions of might {unknown}
 p - a potion of flight {unknown}
 q - 2 potions of mutation {unknown}
 t - 2 potions of ambrosia {unknown}
 u - 2 potions of degeneration {unknown}
 z - a potion of lignification {unknown}


   Skills:
 + Level 3.1 Fighting
 + Level 4.1 Short Blades
 - Level 0.8 Maces & Flails
 - Level 2.0 Armour
 + Level 2.5 Dodging
 + Level 2.1 Stealth
 * Level 2.0 Spellcasting
 + Level 4.3 Evocations


You had 10 spell levels left.
You didn't know any spells.
Your spell library was empty.

Dungeon Overview and Level Annotations

Branches:
Dungeon (4/15)
 Temple: D:4-7

Altars:
Dithmenos
Nemelex Xobeh

Annotations:
D:1 exclusion: downstairs
D:3 exclusion: downstairs


Message History

Something hits you. Something hits you but does no damage.
You completely miss something.
You feel very sick.
Something hits you but does no damage. x2
You are more poisoned.
You feel much better.
You feel very sick. Something hits you but does no damage.
You are more poisoned.
Something hits you but does no damage.
You feel very sick. Something hits you but does no damage.
You are lethally poisoned!
You hit something.
You feel less confused.
You feel very sick. Something hits you.
You are more poisoned.
Something hits you but does no damage.
Aiming: Charm
Press: ? - help, Shift-Dir - straight line Nothing appears to happen.
You feel extremely sick. Something hits you but does no damage.
Something hits you.
* * * LOW HITPOINT WARNING * * *
You are more poisoned.
Aiming: Charm
Press: ? - help, Shift-Dir - straight line, f - orc
Aim: an orc, wielding a +0 war axe, wearing a +0 robe and wearing a ring of resist corrosion (chance to affect: 76%)
You detect the charmed orc wizard.
Reactivating autopickup.
* * * LOW HITPOINT WARNING * * *
You feel extremely sick. The orc closely misses your orc wizard.
Something hits you.
* * * LOW HITPOINT WARNING * * *
You are more poisoned.
Deactivating autopickup; reactivate with Ctrl-A.
Okay, then.
You swap places.
You die...

#### ######### ...# #.......#
...# #.......# ...# #.......#####
>..####.......)o@o#
...##.........###{###############
..)##)#.......# #....)...........
..†...######### ###########......
...{....# #...... .........#
#####.# >..####...# #.# l...
..... #.# .#### #...## ###.#


You could see an orc and a friendly orc wizard (charmed, invisible).

Vanquished Creatures
  Sigmund (D:2)
  A howler monkey (D:4)
  A hound (D:4)
  2 orc priests
  A sleepcap (D:4)
  An orc wizard (D:4)
  Natasha (thrice) (D:2)
  Ijyb (D:3)
  3 gnolls (D:3)
  2 adders
  A worm (D:3)
  A dart slug (D:2)
  13 orcs
  10 endoplasms
  4 giant cockroaches
  3 goblins
  5 hobgoblins
  10 kobolds
  3 quokkas (D:1)
  14 ball pythons
  4 frilled lizards
  4 rats
88 creatures vanquished.

Vanquished Creatures (collateral kills)
  A goblin (D:1)
  A kobold (D:1)
2 creatures vanquished.

Vanquished Creatures (others)
  An orc (D:3)
  A kobold (D:1)
2 creatures vanquished.

Grand Total: 92 creatures vanquished

Notes
Turn   | Place    | Note
-------+----------+-------------------------------------------
     0 | D:1      | H0rd4k the Human Artificer began the quest for the Orb.
     0 | D:1      | Reached XP level 1. HP: 15/15 MP: 1/1
   115 | D:1      | Reached XP level 2. HP: 5/21 MP: 2/2
   426 | D:1      | Reached XP level 3. HP: 12/26 MP: 3/3
   701 | D:2      | Noticed Sigmund
   820 | D:2      | Found the +4 robe of Augmentation {Str+4 Int+4 Dex+4}
   885 | D:2      | Killed Sigmund
   886 | D:2      | Reached XP level 4. HP: 34/34 MP: 4/4
   886 | D:2      | Reached XP level 5. HP: 39/39 MP: 5/5
   947 | D:2      | Noticed Natasha
   958 | D:2      | Killed Natasha
   959 | D:2      | Reached XP level 6. HP: 46/46 MP: 6/6
  1007 | D:2      | Noticed Natasha
  1013 | D:2      | Killed Natasha
  1228 | D:2      | Noticed Natasha
  1238 | D:2      | Killed Natasha
  1239 | D:2      | Reached skill level 1 in Spellcasting
  1460 | D:3      | Found a faded altar of an unknown god.
  1658 | D:3      | Reached XP level 7. HP: 51/51 MP: 8/8
  1666 | D:3      | Noticed Ijyb
  1686 | D:3      | Killed Ijyb
  1858 | D:3      | Found a shadowy altar of Dithmenos.
  2085 | D:3      | Found a sparkling altar of Nemelex Xobeh.
  2602 | D:4      | Succumbed to an orc wizard's poison

Illustrated notes

Levels and vault maps discovered:
D:1:      noname_arrival_rooms_in_the_neighbourhood, layout_rooms
D:2:      layout_rooms, minmay_pentomino_r4, uniq_sigmund, uniq_natasha
D:3:      layout_basic, nemelex_spade_bored_becter, grunt_dithmenos_smoke,
          shapermc_ecumenical_altar_mp_urbaneastern, hex_tiny, uniq_ijyb
D:4:      layout_rooms, uniq_edmund, uniq_pikel, uniq_crazy_yiuf_cottage

Skill      XL: |  1  2  3  4  5  6  7 |
---------------+----------------------+-----
Fighting       | 2 3 |  3.1
Short Blades   | 2 3 4 |  4.1
Evocations     | 4 |  4.3
Dodging        | 2 |  2.5
Spellcasting   | 1 2 |  2.0
Stealth        | 2 |  2.1
Maces & Flails | |  0.8
Armour         | |  2.0

Action                     |  1- 3 |  4- 6 |  7- 9 || total
---------------------------+-------+-------+-------++-------
  Melee: Club              |    20 |       |       ||    20
         Short sword       |    73 |    71 |   113 ||   257
         Punch             |       |       |     1 ||     1
  Evoke: Wand              |     3 |     3 |     2 ||     8
    Use: Potion            |       |       |     2 ||     2
   Stab: Sleeping          |     1 |     2 |       ||     3
         Distracted        |       |       |     1 ||     1
 Armour: Leather armour    |    21 |       |       ||    21
         Robe              |       |    20 |    45 ||    65
  Dodge: Dodged            |    61 |    33 |    46 ||   140
